 Dungeon Crawl Stone Soup version 0.27-a0-59-gfbafd837a3 (webtiles) character file.

Game seed: 2924214075202841455

18 Borgoz the Ruffian (level 2, -2/25 HPs)
             Began as a Ghoul Gladiator on Jan 8, 2021.
             Slain by Terence
             ... wielding a +0 flail
              (7 damage)
             ... on level 2 of the Dungeon.
             The game lasted 00:01:32 (708 turns).

Borgoz the Ruffian (Ghoul Gladiator)                 Turns: 708, Time: 00:01:33

Health: -2/25      AC:  5    Str: 17    XL:     2   Next: 70%
Magic:  1/1        EV: 11    Int:  3    God:
Gold:   53         SH:  3    Dex: 10    Spells: 1/1 levels left

rFire    + . .     SeeInvis .     - Unarmed
rCold    + . .     Faith    .   e - +0 buckler
rNeg     + + +     Spirit   .   d - +1 leather armour {rF+}
rPois    ∞         Reflect  .   b - +0 helmet
rElec    .         Harm     .   (no cloak)
rCorr    .         Rampage  .   (no gloves)
Will     .....                  (no boots)
Stlth    +.........             (no amulet)
HPRegen  0.00/turn              (no ring)
MPRegen  0.07/turn              (no ring)

@: no status effects
A: claws 1, cold resistance 1, negative energy resistance 3, inhibited
regeneration, torment resistance, unbreathing
a: no special abilities


You were on level 2 of the Dungeon.
You visited 1 branch of the dungeon, and saw 2 of its levels.

You collected 53 gold pieces.

Inventory:

Missiles
 c - 2 throwing nets (quivered)
Armour
 b - a +0 helmet (worn)
 d - a +1 leather armour of fire resistance (worn)
 e - a +0 buckler (worn)
 g - a +0 pair of boots
Scrolls
 f - a scroll of immolation {unknown}
Potions
 a - a potion of flight


   Skills:
 + Level 2.4 Fighting
 - Level 1.7 Throwing
 + Level 0.5 Armour
 * Level 3.1 Dodging
 + Level 0.0 Shields
 + Level 3.4 Unarmed Combat


You had one spell level left.
You didn't know any spells.
Your spell library was empty.

Dungeon Overview and Level Annotations

Branches:
Dungeon (2/15)

Altars:

Annotations:
D:2 Terence


Innate Abilities, Weirdness & Mutations

You thrive by killing the living.
You are immune to poison.
You have sharp fingernails.
Your flesh is cold resistant. (rC+)
You are immune to negative energy. (rN+++)
You do not regenerate when monsters are visible.
You are immune to unholy pain and torment.
You can survive without breathing.


Message History

Terence struggles against the net.
You are too injured to fight recklessly!
You are too injured to fight recklessly!
You are too injured to fight recklessly!
You scratch Terence.
Terence is heavily wounded.
Terence struggles against the net.
You catch the helpless Terence completely off-guard!
You scratch Terence.
Terence is severely wounded.
Terence struggles against the net. x2
The net rips apart, and Terence comes free!
You barely miss Terence.
Terence is severely wounded.
Terence hits you with a +0 flail.
* * * LOW HITPOINT WARNING * * *
You scratch Terence but do no damage.
Terence is severely wounded.
Terence hits you with a +0 flail!
You die...

# .. .# .#
####.# . #....#
# .@.
#....#####.#....
#...# #.@@b..#
##.## #.##.###
#.###.####....#
#........†.##.#
#.###.###..# #
#)# #<.# #.#
#........ #..
.........
...##...#.###


You could see Terence (fast) and a bat.

Vanquished Creatures
  A leopard gecko (D:1)
  4 goblins (D:1)
  2 hobgoblins
  2 kobolds (D:1)
  A ball python (D:2)
  3 bats
  A frilled lizard (D:1)
  2 rats (D:1)
16 creatures vanquished.

Notes
Turn   | Place    | Note
-------+----------+-------------------------------------------
     0 | D:1      | Borgoz the Ghoul Gladiator began the quest for the Orb.
     0 | D:1      | Reached XP level 1. HP: 17/17 MP: 0/0
    84 | D:1      | Reached XP level 2. HP: 19/25 MP: 1/1
   691 | D:2      | Noticed Terence
   708 | D:2      | Slain by Terence

Illustrated notes

Levels and vault maps discovered:
D:1:      ncdulo_lavacross, layout_rooms, minmay_misc_feat_rows
D:2:      cheibrodos_pilgrimage, layout_loops_ring, cheibriados_altar_1,
          uniq_terence, uniq_jessica

Skill      XL: |  1  2 |
---------------+-------+-----
Dodging        | 3 |  3.1
Fighting       | |  2.4
Throwing       | |  1.7
Armour         | |  0.5
Unarmed Combat | |  3.4

Action                   || total
-------------------------++-------
Melee: Unarmed           ||    62
Throw: Throwing net      ||     1
  Use: Scroll            ||     4
 Stab: Held in net/web   ||     1
Armor: Leather armour    ||    28
Dodge: Dodged            ||    47
Block: Buckler           ||     2

Table legend: (Time is in decaauts)
 A = Elapsed time spent in this place.
 B = Non-inter-level travel time spent in this place.
 C = Inter-level travel time spent in this place.
 D = Time resting spent in this place.
 E = Time spent auto-exploring this place.
 F = Levels seen in this place.
 G = Mean time per level.
                   A        B        C        D        E       F      G
               +--------+--------+--------+--------+--------+-----+--------+
         Total |    704 |    684 |     20 |     78 |    438 |   2 |  352.0 |
       Dungeon |    704 |    684 |     20 |     78 |    438 |   2 |  352.0 |
               +--------+--------+--------+--------+--------+-----+--------+

Top non-repeatable levels by time:
     D:1: 653 daAuts
     D:2: 50 daAuts
